 Dungeon Crawl Stone Soup version 0.14.0-12-g87ee3b7 (webtiles) character file.

163 Infinimo the Ruffian (level 4, 0/28 HPs)
             Began as a Gargoyle Monk on Apr 16, 2014.
             Slain by an orc
             ... wielding a +0,+0 flail
              (6 damage)
             ... on Level 2 of the Dungeon.
             The game lasted 00:02:10 (1644 turns).

Infinimo the Ruffian (Gargoyle Monk)                Turns: 1644, Time: 00:02:10

HP   0/28        AC  6     Str 14      XL: 4   Next: 15%
MP   4/4         EV 12     Int 12      God:
Gold 97          SH  0     Dex 12      Spells:  0 memorised,  3 levels left

rFire  . . .     SeeInvis .       - Unarmed
rCold  . . .     Clarity  .     a - +1 robe
rNeg   + . .     Conserve .     (no shield)
rPois  +         rCorr    .     (no helmet)
rElec  +         rRot     +     (no cloak)
SustAb . .       Spirit   .     (no gloves)
rMut   .         Warding  .     (no boots)
Saprov . . .     Stasis   .     (no amulet)
MR     .....                    (no ring)
                                (no ring)

@: not resistant to hostile enchantments, fairly stealthy
A: life protection 1, electricity resistance, unbreathing, petrification
resistance, AC +3
a: no special abilities


You were on level 2 of the Dungeon.
You were very hungry.

You visited 1 branch of the dungeon, and saw 3 of its levels.

You collected 97 gold pieces.

Inventory:

Armour
 a - a +1 robe (worn)
Comestibles
 b - a bread ration
Scrolls
 f - a scroll of teleportation
Potions
 c - 2 potions of curing
 d - a potion of lignification {unknown}
 e - a potion of might {unknown}
 h - a potion of haste {unknown}
 i - a potion of restore abilities {unknown}


   Skills:
 - Level 3.2 Fighting
 + Level 2.0 Armour
 - Level 2.4 Dodging
 - Level 2.1 Stealth
 * Level 5.6 Unarmed Combat


You had 3 spell levels left.
You didn't know any spells.

Dungeon Overview and Level Annotations

Branches:
Dungeon (3/15)

Altars:
Ashenzari


Innate Abilities, Weirdness & Mutations

You are resistant to torment.
You are immune to poison.
You are immune to rotting.
Your stone body is very resilient (AC +3).
You resist negative energy.
You are resistant to electric shocks.
You can survive without breathing.
You are immune to petrification.


Message History

You are too injured to fight recklessly!
The orc wizard is heavily wounded.
The orc wizard is heavily wounded.
The orc wizard hits you with a dagger.
The orc wizard is heavily wounded.
The orc wizard is heavily wounded.
The orc wizard hits you with a dagger.
* * * LOW HITPOINT WARNING * * *
The orc wizard is heavily wounded.
The orc wizard is heavily wounded.
The orc wizard is heavily wounded.
The orc wizard becomes somewhat translucent.
The orc wizard is severely wounded.
The orc wizard is almost dead.
You kill the orc wizard!
Your Armour skill increases to level 2!
You have reached level 4!
You feel clever. The orc hits you with a flail.
You die...

#...........####.#####
#########.###.............)...
#........................#####
#.#######.###....##.####......
#.# #.............# #.####. #.#
#.#..##.#.###.# #...... #.#
#.#..##.#.###.####..###. #.#
#.#..##o)...........# #. #.#
#.#....@..[...###.#.# #. #.#
#......o...#####%...# ## #.#
#..#.##.............## #
##.#####..#.##.>..###.......###
#.........#.##...............##
#.....#.#.#.####............###
#.####.##.#.##########.....## #
#.####.##.#.......# #....## #
#.##...##.#######.# #.#.## #


You could see 2 orcs.

Vanquished Creatures
  An orc wizard (D:2)
  An adder (D:2)
  A giant gecko (D:2)
  6 hobgoblins
  A quokka (D:2)
  5 bats
  2 giant cockroaches
  4 giant newts
  6 goblins
  2 kobolds
  3 rats
32 creatures vanquished.

Notes
Turn   | Place    | Note
--------------------------------------------------------------
     0 | D:1      | Infinimo, the Gargoyle Monk, began the quest for the Orb.
     0 | D:1      | Reached XP level 1. HP: 14/14 MP: 1/1
   374 | D:1      | Reached XP level 2. HP: 14/19 MP: 2/2
   889 | D:2      | Reached skill level 5 in Unarmed Combat
  1108 | D:2      | Reached skill level 1 in Armour
  1142 | D:2      | Reached XP level 3. HP: 23/23 MP: 3/3
  1315 | D:2      | Found a shattered altar of Ashenzari.
  1320 | D:2      | Saw a vision of the Shoals and the Spider Nest.
  1320 | D:2      | Noticed a spider
  1320 | D:2      | Noticed a redback
  1320 | D:2      | Noticed a merfolk
  1320 | D:2      | Noticed a hippogriff
  1320 | D:2      | Noticed a sea snake
  1320 | D:2      | Noticed a merfolk
  1320 | D:2      | Noticed a mermaid
  1320 | D:2      | Noticed a sea snake
  1320 | D:2      | Noticed a sea snake
  1321 | D:2      | Noticed a merfolk
  1323 | D:2      | Noticed a yellow wasp
  1325 | D:2      | Noticed a spider
  1644 | D:2      | Reached XP level 4. HP: 6/28 MP: 4/4
  1644 | D:2      | Slain by an orc

Action                   |  1- 3 |  4- 6 || total
-------------------------+-------+-------++-------
Melee: Unarmed           |   128 |       ||   128
  Use: Scroll            |     7 |       ||     7
 Stab: Sleeping          |     3 |       ||     3
